 Dungeon Crawl Stone Soup version 0.31-a0-1068-g5939ac1fb6 (webtiles) character file.

Game seed: 1000684974260713055

105 Azuregosa the Slasher (level 4, -1/27 HPs)
             Began as an Octopode Wanderer on Nov 24, 2023.
             Was an Initiate of Gozag.
             Slain by a gnoll
             ... wielding a +0 halberd
              (7 damage)
             ... on level 3 of the Dungeon.
             The game lasted 00:05:31 (2402 turns).

Azuregosa the Slasher (Octopode Wanderer)           Turns: 2402, Time: 00:05:31

Health: -1/27      AC:  1    Str: 11    XL:     4   Next: 83%
Magic:  9/9        EV: 12    Int: 18    God:    Gozag
Gold:   106        SH:  0    Dex:  9    Spells: 5/9 levels left

rFire   . . .        a - +2 falchion
rCold   . . .        (no shield)
rNeg    . . .        b - +0 hat
rPois   .            (no amulet)
rElec   .            (no ring)
rCorr   .            (no ring)
SInv    .            (no ring)
Will    .....        (no ring)
Stlth   +++          (no ring)
HPRegen 0.24/turn    (no ring)
MPRegen 0.11/turn    (no ring)
                     (no ring)

%: no passive effects
@: no status effects
A: almost no armour, amphibious, 8 rings, camouflage 1, gelatinous body 1,
(nimble swimmer 1), tentacles
a: Renounce Religion, Potion Petition, Call Merchant, Bribe Branch


You were on level 3 of the Dungeon.
You worshipped Gozag.
Gozag was aware of your devotion.
You visited 1 branch of the dungeon, and saw 3 of its levels.

You collected 139 gold pieces.
You paid 33 gold pieces to Gozag.

Inventory:

Hand Weapons
 a - a +2 falchion (weapon)
Missiles
 e - 27 stones
Armour
 b - a +0 hat (worn)
Wands
 o - a wand of paralysis (9)
Scrolls
 c - a scroll of blinking
 f - a scroll of enchant armour {unknown}
 i - a scroll of amnesia {unknown}
 k - a scroll of poison {unknown}
 m - a scroll of teleportation {unknown}
 n - 3 scrolls of identify {unknown}
 q - 2 scrolls of vulnerability {unknown}
 s - a scroll of fear {unknown}
Potions
 d - 2 potions of magic {unknown}
 g - a potion of lignification {unknown}
 h - 2 potions of heal wounds {unknown}
 j - a potion of curing {unknown}
 l - a potion of cancellation {unknown}
 p - a potion of brilliance {unknown}
 r - a potion of resistance {unknown}


   Skills:
 - Level 4.0 Long Blades
 - Level 2.6 Stealth
 + Level 3.4 Spellcasting
 + Level 3.1 Translocations
 - Level 1.1 Evocations


You had 5 spell levels left.
You knew the following spells:

 Your Spells              Type           Power      Damage    Failure   Level
a - Apportation           Tloc           28%        N/A       4%          1
b - Teleport Other        Tloc           14%        N/A       13%         3

Your spell library contained the following spells:

 Spells                   Type           Power      Damage    Failure   Level


Dungeon Overview and Level Annotations

Branches:
Dungeon (3/15)

Altars:
Elyvilon
Gozag
Hepliaklqana
Okawaru


Innate Abilities, Weirdness & Mutations

You cannot wear most types of armour.
You are amphibious.
You can wear up to eight rings at the same time.
Your skin changes colour to match your surroundings (Stealth+).
Your rubbery body absorbs attacks. (AC +1, EV +1)
((You are camouflaged when in or above water. (Stealth+)))
You have tentacles for arms and can constrict up to eight enemies at once.


Message History

The gnoll is distracted by your dazzling golden aura.
You open the door.
There is an open door here.
You open the door.
There is an open door here.
You open the door.
There is an open door here.
There is an open door here.
There is an open door here.
There is an open door here.
There is an escape hatch in the ceiling here.
You start resting.
HP restored.
There is an open door here.
There is an open door here.
There is an open door here.
A gnoll is nearby!
There is an open door here.
The gnoll shouts!
The gnoll hits you from afar with a +0 halberd!
There is an open door here.
Things that are here:
11 gold pieces; a +0 whip; a +0 flail The gnoll closely misses you.
You hit the gnoll. Your grab misses the gnoll. Your squeeze misses the gnoll.
The gnoll is lightly wounded.
The gnoll hits you with a +0 halberd.
You hit the gnoll. Your grab misses the gnoll.
You squeeze the gnoll, but do no damage.
The gnoll is heavily wounded.
The gnoll hits you with a +0 halberd!
* * * LOW HITPOINT WARNING * * *
You barely miss the gnoll. You grab the gnoll.
The gnoll is heavily wounded.
You constrict the gnoll. The gnoll misses you.
You hit the gnoll.
The gnoll is heavily wounded.
You constrict the gnoll. The gnoll hits you with a +0 halberd!
You die...
Your body crumbles into a pile of gold.

#.....# #.....# ### #.....#
#.. #.....# #.#
#########.....# #.# ...
........... #.# #.##
#####.#.###
#####.#######...###....#..#
#.........($@g........###.#
#.###.######'###'###'###.####
#....#..#.......#..#.....
####.#..#.......#..##.###
#.'..'###'###'..'..#..
#.#..#.'...'.#..####.#
#.#..#.#...#.#..#.....
#>'##'.#._.#.'##'.....
#.#..#.#...#.#..#....#


You could see a gnoll.

Vanquished Creatures
  2 gnolls (D:3)
  4 adders
  4 dart slugs
  3 ball pythons
  2 bats
  4 endoplasms
  2 goblins
  5 hobgoblins
  3 jackals (D:2)
  2 quokkas
  3 frilled lizards
  6 kobolds
  3 rats
43 creatures vanquished.

Notes
Turn   | Place    | Note
-------+----------+-------------------------------------------
     0 | D:1      | Azuregosa the Octopode Wanderer began the quest for the
                  | Orb.
     0 | D:1      | Azuregosa set off with the following items: a +2 falchion,
                  | a +0 hat, a scroll of blinking; and the following spell
                  | memorised: Apportation; and the following spells available
                  | to memorise: Teleport Other.
     0 | D:1      | Reached XP level 1. HP: 11/11 MP: 3/3
   213 | D:1      | Reached XP level 2. HP: 17/17 MP: 5/5
   702 | D:2      | Reached XP level 3. HP: 21/21 MP: 7/7
   723 | D:2      | Learned a level 3 spell: Teleport Other
   937 | D:2      | Found a hazy altar of Hepliaklqana.
  1819 | D:3      | Reached XP level 4. HP: 11/27 MP: 8/8
  1926 | D:3      | Identified the +3 leather armour of the Farmer {Will++
                  | Regen+ Str+3 Dex-3}
  2014 | D:3      | Found a faded altar of an unknown god.
  2017 | D:3      | Found an iron altar of Okawaru.
  2114 | D:3      | Found a white marble altar of Elyvilon.
  2128 | D:3      | Found an opulent altar of Gozag.
  2137 | D:3      | Became a worshipper of Gozag Ym Sagoz the Greedy
  2146 | D:3      | Found a faded altar of an unknown god.
  2402 | D:3      | Slain by a gnoll

Illustrated notes

Levels and vault maps discovered:
D:1:      minmay_arrival_wavy_path, layout_basic
D:2:      layout_basic, basic_altar
D:3:      layout_loops_ring, mainiacjoe_overflow_24_doors,
          nicolae_overflow_ecumenical_swirl, mainiacjoe_overflow_tiny_flanked,
          basic_ecumenical_altar, kennysheep_jessica_study

Skill      XL: |  1  2  3  4 |
---------------+-------------+-----
Translocations | 2 3 |  3.1
Spellcasting   | 3 |  3.4
Long Blades    | |  4.0
Stealth        | |  2.6
Evocations     | |  1.1

Action                     |  1- 3 |  4- 6 || total
---------------------------+-------+-------++-------
  Melee: Falchion          |    69 |    27 ||    96
         Constrict         |    15 |     9 ||    24
         Tentacles         |    11 |     8 ||    19
         Punch             |     1 |       ||     1
   Stab: Sleeping          |    12 |     1 ||    13
 Armour: Skin              |    23 |    12 ||    35
  Dodge: Dodged            |    46 |    18 ||    64

Table legend: (Time is in decaauts)
 A = Elapsed time spent in this place.
 B = Non-inter-level travel time spent in this place.
 C = Inter-level travel time spent in this place.
 D = Time resting spent in this place.
 E = Time spent auto-exploring this place.
 F = Levels seen in this place.
 G = Mean time per level.
                   A        B        C        D        E       F      G
               +--------+--------+--------+--------+--------+-----+--------+
         Total |   2411 |   2372 |     39 |    242 |   1628 |   3 |  803.7 |
       Dungeon |   2411 |   2372 |     39 |    242 |   1628 |   3 |  803.7 |
               +--------+--------+--------+--------+--------+-----+--------+

Top non-repeatable levels by time:
     D:2: 1025 daAuts
     D:1: 702 daAuts
     D:3: 683 daAuts
